 Dungeon Crawl Stone Soup version 0.27-a0-1137-g3ef0f4ec91 (webtiles) character file.

Game seed: 8847478814591873813

188 1player the Covert (level 5, 45/47 HPs)
             Began as a Gnoll Delver on May 6, 2021.
             Was an Initiate of Sif Muna.
             Quit the game on level 3 of the Dungeon.
             The game lasted 00:05:57 (1577 turns).

1player the Covert (Gnoll Delver)                   Turns: 1577, Time: 00:05:57

Health: 45/47      AC:  7    Str: 12    XL:     5   Next: 67%
Magic:  7/7        EV: 13    Int: 10    God:    Sif Muna [......]
Gold:   64         SH:  0    Dex: 13    Spells: 7/7 levels left

rFire    . . .     SeeInvis .   k - +2 dagger (pain)
rCold    . . .     Faith    .   (no shield)
rNeg     . . .     Spirit   .   b - +0 leather armour
rPois    .         Reflect  .   (no helmet)
rElec    .         Harm     .   (no cloak)
rCorr    .         Rampage  .   (no gloves)
Will     .....                  (no boots)
Stlth    ++++......             (no amulet)
HPRegen  0.15/turn              h - +4 ring of protection
MPRegen  0.10/turn              (no ring)

@: no status effects
A: fangs 1, strong nose, distributed training
a: Renounce Religion


You were on level 3 of the Dungeon.
You worshipped Sif Muna.
Sif Muna was noncommittal.
You visited 1 branch of the dungeon, and saw 4 of its levels.

You collected 64 gold pieces.

Inventory:

Hand Weapons
 a - a +0 short sword
 k - a +2 dagger of pain (weapon)
Missiles
 o - 18 poisoned darts (quivered)
Armour
 b - a +0 leather armour (worn)
Jewellery
 h - a +4 ring of protection (left hand)
Wands
 g - a wand of digging (3)
Scrolls
 c - a scroll of fog
 d - a scroll of magic mapping
 e - 2 scrolls of fear
 i - a scroll of identify {unknown}
 l - a scroll of teleportation {unknown}
 m - a scroll of silence {unknown}
Potions
 j - a potion of curing {unknown}
 n - a potion of attraction {unknown}


   Skills:
 + Level 6.7 Fighting
 + Level 4.8 Short Blades
 + Level 1.6 Long Blades
 + Level 1.6 Axes
 + Level 1.6 Maces & Flails
 + Level 1.6 Polearms
 + Level 1.6 Staves
 + Level 1.6 Slings
 + Level 1.6 Bows
 + Level 1.6 Crossbows
 + Level 1.6 Throwing
 + Level 1.6 Armour
 + Level 4.8 Dodging
 + Level 9.6 Stealth
 + Level 1.6 Shields
 + Level 1.6 Unarmed Combat
 + Level 1.6 Spellcasting
 + Level 1.2 Conjurations
 + Level 1.2 Hexes
 + Level 1.2 Summonings
 + Level 1.2 Necromancy
 + Level 1.2 Translocations
 + Level 1.2 Transmutations
 + Level 1.2 Fire Magic
 + Level 1.2 Ice Magic
 + Level 1.2 Air Magic
 + Level 1.2 Earth Magic
 + Level 1.2 Poison Magic
 + Level 1.8 Invocations
 + Level 1.6 Evocations


You had 7 spell levels left.
You didn't know any spells.
Your spell library was empty.

Dungeon Overview and Level Annotations

Branches:
Dungeon (6/15)
 Temple: D:4-7

Altars:
Sif Muna

Annotations:
D:5 exclusions: hound and scorpion


Innate Abilities, Weirdness & Mutations

You have very sharp teeth.
Your uncanny sense of smell can sniff out nearby items.
Your experience applies equally to all skills.


Message History

o - 10 poisoned darts (gained 1)
o - 11 poisoned darts (gained 1)
o - 12 poisoned darts (gained 1)
You see here a +0 morningstar.
o - 13 poisoned darts (gained 1)
o - 15 poisoned darts (gained 2)
o - 17 poisoned darts (gained 2)
Things that are here:
a +0 robe; a +0 dagger; an orc skeleton
o - 18 poisoned darts (gained 1)
You now have 64 gold pieces (gained 11).
You open the door.
Found a shimmering blue altar of Sif Muna.
There is an open door here.
There is a shimmering blue altar of Sif Muna here.
You kneel at the altar of Sif Muna.
Sif Muna welcomes you!
There is an open door here.
A jackal comes into view.
The helpless jackal fails to defend itself.
You spit the jackal like a pig!!!
You kill the jackal!
Sif Muna accepts your kill.
You barely miss the jackal. The jackal misses you. The jackal bites you.
You hit the jackal. You bite the jackal, but do no damage.
The jackal is moderately wounded.
The jackal barely misses you.
You hit the jackal.
The jackal is severely wounded.
The jackal bites you.
You hit the jackal.
You kill the jackal!
Sif Muna accepts your kill.
A wight comes into view. It is wielding a +2 hand axe.
You see here a jackal corpse.
A wight is nearby!
A wight comes into view. It is wielding a +0 dire flail.
A frilled lizard and a wight come into view.
Found 12 gold pieces.
Found a stone staircase leading up.
Are you sure you want to abandon this character and quit the game? (Confirm with "yes".)

#.# #..# #..... #..#
#...## ###..# #...#
....########...#
##.##.....##...##
#...#.....##..... #
#.#...†..........
..#.#.##...#....$..#####
......z@####.....###≈≈≈≈
.##.#...# ##.#####≈≈≈≈≈
#...lz. ...# #≈≈...
...z...$####### #≈≈._.
######<.. #≈≈... #.##
#≈≈≈≈≈ #. ##≈≈≈≈ ..
#####


You could see 3 wights and a frilled lizard (asleep).

Vanquished Creatures
  A water moccasin skeleton (D:4)
  A wight (D:5)
  A hound (D:5)
  An orc wizard (D:3)
  A mummy (D:5)
  An adder (D:5)
  A dart slug (D:5)
  2 orcs (D:3)
  A giant cockroach (D:3)
  2 goblins (D:3)
  A hobgoblin (D:3)
  5 jackals (D:3)
18 creatures vanquished.

Notes
Turn   | Place    | Note
-------+----------+-------------------------------------------
     0 | D:5      | Reached skill level 9 in Stealth
     0 | D:5      | 1player the Gnoll Delver began the quest for the Orb.
     0 | D:5      | Reached XP level 1. HP: 23/23 MP: 1/1
    75 | D:6      | Noticed a killer bee
    94 | D:5      | Noticed a scorpion
   150 | D:5      | Noticed a hound
   208 | D:5      | Reached XP level 2. HP: 29/29 MP: 2/2
   211 | D:4      | Noticed a scorpion
   352 | D:5      | Reached skill level 1 in Invocations
   352 | D:5      | Reached XP level 3. HP: 25/35 MP: 2/4
   463 | D:5      | Noticed a necrophage
   582 | D:5      | Reached skill level 1 in Long Blades
   582 | D:5      | Reached skill level 1 in Axes
   582 | D:5      | Reached skill level 1 in Maces & Flails
   582 | D:5      | Reached skill level 1 in Polearms
   582 | D:5      | Reached skill level 1 in Staves
   582 | D:5      | Reached skill level 1 in Slings
   582 | D:5      | Reached skill level 1 in Bows
   582 | D:5      | Reached skill level 1 in Crossbows
   582 | D:5      | Reached skill level 1 in Throwing
   582 | D:5      | Reached skill level 1 in Armour
   582 | D:5      | Reached skill level 1 in Shields
   582 | D:5      | Reached skill level 1 in Unarmed Combat
   582 | D:5      | Reached skill level 1 in Spellcasting
   582 | D:5      | Reached skill level 1 in Evocations
   582 | D:5      | Reached XP level 4. HP: 41/41 MP: 5/5
   586 | D:5      | Reached skill level 1 in Conjurations
   586 | D:5      | Reached skill level 1 in Hexes
   586 | D:5      | Reached skill level 1 in Summonings
   586 | D:5      | Reached skill level 1 in Necromancy
   586 | D:5      | Reached skill level 1 in Translocations
   586 | D:5      | Reached skill level 1 in Transmutations
   586 | D:5      | Reached skill level 1 in Fire Magic
   586 | D:5      | Reached skill level 1 in Ice Magic
   586 | D:5      | Reached skill level 1 in Air Magic
   586 | D:5      | Reached skill level 1 in Earth Magic
   586 | D:5      | Reached skill level 1 in Poison Magic
   731 | D:4      | Reached XP level 5. HP: 47/47 MP: 5/7
  1107 | D:3      | HP: 2/47 [orc/+0 club (4)]
  1535 | D:3      | Found a shimmering blue altar of Sif Muna.
  1541 | D:3      | Became a worshipper of Sif Muna the Loreminder
  1577 | D:3      | Quit the game

Illustrated notes

Levels and vault maps discovered:
D:3:      layout_loops_ring, led_sif_pool
D:4:      layout_loops_corners
D:5:      layout_cave_pools, lemuel_mausoleum_altar_yredelemnul
D:6:      layout_rooms, kb_lookout_dungeons_type, hangedman_decor_lopped,
          uniq_crazy_yiuf_cottage

Skill      XL: |  1  2  3  4 |
---------------+-------------+-----
Stealth        | |  9.6
Invocations    | 1 |  1.8
Long Blades    | 1 |  1.6
Axes           | 1 |  1.6
Maces & Flails | 1 |  1.6
Polearms       | 1 |  1.6
Staves         | 1 |  1.6
Slings         | 1 |  1.6
Bows           | 1 |  1.6
Crossbows      | 1 |  1.6
Throwing       | 1 |  1.6
Armour         | 1 |  1.6
Shields        | 1 |  1.6
Unarmed Combat | 1 |  1.6
Spellcasting   | 1 |  1.6
Evocations     | 1 |  1.6
Conjurations   | 1 |  1.2
Hexes          | 1 |  1.2
Summonings     | 1 |  1.2
Necromancy     | 1 |  1.2
Translocations | 1 |  1.2
Transmutations | 1 |  1.2
Fire Magic     | 1 |  1.2
Ice Magic      | 1 |  1.2
Air Magic      | 1 |  1.2
Earth Magic    | 1 |  1.2
Poison Magic   | 1 |  1.2
Fighting       | |  6.7
Short Blades   | |  4.8
Dodging        | |  4.8

Action                   |  1- 3 |  4- 6 || total
-------------------------+-------+-------++-------
Melee: Dagger            |    18 |    43 ||    61
       Bite              |     1 |     4 ||     5
Throw: Dart              |       |     9 ||     9
  Use: Potion            |       |     1 ||     1
 Stab: Sleeping          |     2 |     5 ||     7
Armor: Leather armour    |     1 |     8 ||     9
Dodge: Dodged            |    12 |    29 ||    41

Table legend: (Time is in decaauts)
 A = Elapsed time spent in this place.
 B = Non-inter-level travel time spent in this place.
 C = Inter-level travel time spent in this place.
 D = Time resting spent in this place.
 E = Time spent auto-exploring this place.
 F = Levels seen in this place.
 G = Mean time per level.
                   A        B        C        D        E       F      G
               +--------+--------+--------+--------+--------+-----+--------+
         Total |   1547 |   1547 |      0 |    776 |    113 |   4 |  386.8 |
       Dungeon |   1547 |   1547 |      0 |    776 |    113 |   4 |  386.8 |
               +--------+--------+--------+--------+--------+-----+--------+

Top non-repeatable levels by time:
     D:4: 641 daAuts
     D:5: 513 daAuts
     D:3: 311 daAuts
     D:6: 81 daAuts
